 Dungeon Crawl Stone Soup version 0.31-a0-1002-g8e65716e6e (webtiles) character file.

Game seed: 14527214012023413526

5089 Malachi the Fighter (level 10, -14/88 HPs)
             Began as a Barachi Shapeshifter on Nov 9, 2023.
             Was a Follower of Yredelemnul.
             Demolished by a wyvern (17 damage)
             ... on level 9 of the Dungeon.
             The game lasted 00:14:52 (8750 turns).

Malachi the Fighter (Barachi Shapeshifter)          Turns: 8750, Time: 00:14:53

Health: -14/88     AC:  4    Str: 23    XL:     10   Next: 57%
Magic:  12/12      EV: 12    Int: 10    God:    Yredelemnul [*.....]
Gold:   428        SH:  0    Dex: 15    Spells: 9/9 levels left

rFire   . . .        q - +3 orcbow
rCold   + . .        (shield currently unavailable)
rNeg    . . .        o - +2 robe {rC+}
rPois   +            (helmet currently unavailable)
rElec   .            (cloak currently unavailable)
rCorr   .            (gloves currently unavailable)
SInv    .            (boots currently unavailable)
Will    +....        r - amulet of faith
Stlth   +            l - +6 ring of strength
HPRegen 0.34/turn    E - ring of poison resistance
MPRegen 0.13/turn

%: faith
@: beast-form, enlightened, flying, slow
A: beast (slay +4), amphibious, slowness 1, strong legs 1, +LOS
a: Hop, Begin Untransformation, Renounce Religion, Recall Undead Harvest


You were on level 9 of the Dungeon.
You worshipped Yredelemnul.
Yredelemnul was noncommittal.
You were a hulking beast.
You visited 1 branch of the dungeon, and saw 9 of its levels.

You collected 428 gold pieces.

Inventory:

Hand Weapons
 f - a +1 sling of draining
 q - a +3 orcbow (weapon)
 G - a +5 dagger of freezing
Armour
 o - a +2 robe of cold resistance (worn)
 s - a +2 pair of boots
 B - a +2 helmet
Jewellery
 l - a +6 ring of strength (left hand)
 m - a ring of magical power
 r - an amulet of faith (around neck)
 x - a ring of ice
 E - a ring of poison resistance (right hand)
Talismans
 c - a beast talisman
 d - a flux talisman
 A - a blade talisman
Wands
 u - a wand of flame (33)
 y - a wand of light (12)
 F - a wand of paralysis (2)
Scrolls
 a - a scroll of fear
 e - a scroll of immolation
 k - a scroll of blinking
 t - 4 scrolls of enchant armour
 C - 4 scrolls of teleportation
 D - a scroll of identify
Potions
 b - 2 potions of lignification
 h - a potion of resistance
 i - a potion of attraction
 j - 4 potions of might
 n - a potion of mutation
 p - 4 potions of curing
 v - a potion of ambrosia
 w - a potion of haste
 z - a potion of berserk rage
 H - a potion of heal wounds


   Skills:
 + Level 11.5 Fighting
 + Level 9.4 Ranged Weapons
 - Level 2.4 Dodging
 - Level 3.5 Unarmed Combat
 + Level 3.2 Invocations
 - Level 7.0 Shapeshifting


You had 9 spell levels left.
You didn't know any spells.
Your spell library contained the following spells:

 Spells                   Type           Power      Damage    Failure   Level
 Magic Dart               Conj           0%         1d3       36%         1
 Necrotise                Necr           0%         1d4       36%         1
 Sting                    Tmut/Pois      0%         1d3       36%         1
 Call Imp                 Summ           0%         N/A       50%         2
 Poisonous Vapours        Pois/Air       0%         N/A       50%         2
 Mephitic Cloud           Conj/Pois/Air  0%         N/A       75%         3
 Vampiric Draining        Necr           0%         2d6       75%         3
 Olgreb's Toxic Radiance  Pois           0%         N/A       98%         4
 Agony                    Necr           0%         N/A       100%        5
 Freezing Cloud           Conj/Ice/Air   0%         6-21      100%        5


Dungeon Overview and Level Annotations

Branches:
Dungeon (9/15)             Temple (0/1) D:5
   Lair: D:8-11         Orc: D:9-12

Altars:
Ashenzari
Elyvilon
Fedhas
Gozag
Kikubaaqudgha
Nemelex Xobeh
Qazlal
Ru
Sif Muna
Yredelemnul
Zin
The Shining One

Shops:
D:2 (

Annotations:
D:9 Maurice


Innate Abilities, Weirdness & Mutations

You are a hulking beast.
Your limbs bulge with bestial killing power. (Slay +4)
You are amphibious.
You cover ground slowly.
You can hop short distances.
You have an extended range of vision and can be seen from far away.


Message History

* * * LOW HITPOINT WARNING * * *
Your kobold brigand zombie struggles to escape constriction.
You can no longer trade souls for undead servants.
Fire: q) +3 orcbow
Press: ? - help, Q - select action, (/) - cycle Shift-Dir - straight line, f/p - wyvern
Aim: a wyvern (moderately wounded, ally target, 70% to hit)
You shoot an arrow. The arrow closely misses the wyvern.
Your kobold brigand zombie is constricted!
Your kobold brigand zombie is destroyed!
The wyvern closely misses you. The wyvern bites you.
* * * LOW HITPOINT WARNING * * *
Fire: q) +3 orcbow
Press: ? - help, Q - select action, (/) - cycle Shift-Dir - straight line, f/p - wyvern
Aim: a wyvern (moderately wounded, ally target, 70% to hit)
You shoot an arrow. The arrow closely misses the wyvern.
The wyvern hisses menacingly.
The wyvern bites you but does no damage.
Fire: q) +3 orcbow
Press: ? - help, Q - select action, (/) - cycle Shift-Dir - straight line, f/p - wyvern
Aim: a wyvern (moderately wounded, ally target, 70% to hit)
You shoot an arrow. The arrow hits the wyvern!
The wyvern is heavily wounded.
The wyvern bites you.
* * * LOW HITPOINT WARNING * * *
The wyvern bites you!
* * * LOW HITPOINT WARNING * * *
Fire: q) +3 orcbow
Press: ? - help, Q - select action, (/) - cycle Shift-Dir - straight line, f/p - wyvern
Aim: a wyvern (heavily wounded, ally target, 70% to hit)
You shoot an arrow. The arrow closely misses the wyvern.
The wyvern bites you.
* * * LOW HITPOINT WARNING * * *
Fire: q) +3 orcbow
Press: ? - help, Q - select action, (/) - cycle Shift-Dir - straight line, f/p - wyvern
Aim: a wyvern (heavily wounded, ally target, 70% to hit)
You shoot an arrow. The arrow hits the wyvern.
The wyvern is heavily wounded.
The wyvern bites you!
You die...
Your body rises from the dead as a mindless zombie.

^. ..
###################
..................#
..................#
..................#
..§...............#
.§§§..............#
≈§§§≈≈§≈§.......h.#
≈§§.§...§.Z....l..#
≈.§≈§≈≈.≈.........#
≈.≈..§..§.........#
≈.≈._.§...........#
≈.≈...≈.≈.........#
≈.§≈≈≈≈.≈.........#
§.......§§........#
§§≈≈≈≈≈≈§§........#


You could see a wyvern (ally target) and a friendly cyclops zombie.

Vanquished Creatures
  The ghost of flt the Firebug, a novice DgFE (D:7)
  A cyclops (D:9)
  A hornet (D:8)
  3 yaks (D:8)
  A steam dragon (D:7)
  An ice beast (D:5)
  3 ogres
  A centaur (D:7)
  Blork the orc (D:6)
  3 bullfrogs
  A scorpion (D:5)
  4 wights
  Dowan (D:7)
  9 killer bees
  5 hounds
  A jelly (D:8)
  4 orc priests (D:4)
  4 iguanas
  5 orc wizards
  A spectral orc (D:6)
  Robin (D:2)
  8 gnolls
  7 adders
  2 shadow imps
  A white imp (D:8)
  An ufetubus (D:6)
  2 iguana zombies (D:6)
  A worm (D:5)
  2 dart slugs
  25 orcs
  4 ball pythons
  8 endoplasms
  2 giant cockroaches (D:2)
  18 goblins
  8 hobgoblins
  4 jackals (D:1)
  12 kobolds
  4 quokkas
  7 bats
  6 frilled lizards
  3 rats
177 creatures vanquished.

Vanquished Creatures (collateral kills)
  A yak (D:8)
  Duvessa (D:7)
  An orc warrior (D:8)
  An ice beast (D:8)
  2 kobold brigands (D:9)
  3 scorpions
  5 wights
  3 killer bees
  An orc priest (D:9)
  2 iguanas (D:6)
  An orc wizard (D:9)
  2 sleepcaps (D:5)
  A gnoll (D:6)
  An ufetubus (D:6)
  5 orcs
  6 kobolds (D:9)
36 creatures vanquished.

Vanquished Creatures (others)
  A human (D:4)
  2 yak zombies (D:8)
  A bullfrog zombie (D:6)
  2 scorpion zombies (D:6)
  6 killer bee zombies (D:9)
  An ogre zombie (D:7)
  A hound zombie (D:7)
  A steam dragon zombie (D:7)
  An adder zombie (D:5)
  An iguana zombie (D:6)
  11 orc zombies
  A spectral gnoll (D:6)
  A spectral shadow imp (D:6)
  3 gnoll zombies (D:6)
  8 kobold zombies (D:9)
41 creatures vanquished.

Grand Total: 254 creatures vanquished

Notes
Turn   | Place    | Note
-------+----------+-------------------------------------------
     0 | D:1      | Malachi the Barachi Shapeshifter began the quest for the
                  | Orb.
     0 | D:1      | Reached XP level 1. HP: 15/15 MP: 1/1
   185 | D:1      | Reached XP level 2. HP: 21/21 MP: 2/2
   396 | D:1      | Reached skill level 2 in Fighting
   409 | D:1      | Reached XP level 3. HP: 15/27 MP: 3/3
   862 | D:2      | Noticed Robin
   904 | D:2      | Reached skill level 1 in Ranged Weapons
  1296 | D:2      | Found Quibuiru's Weapon Boutique.
  1311 | D:2      | Reached XP level 4. HP: 22/34 MP: 4/4
  1447 | D:2      | Killed Robin
  1448 | D:2      | Reached skill level 3 in Fighting
  1794 | D:3      | Found a shimmering blue altar of Sif Muna.
  2565 | D:3      | Found a stormy altar of Qazlal.
  2622 | D:4      | Reached XP level 5. HP: 41/41 MP: 5/5
  2886 | D:4      | Found an opulent altar of Gozag.
  2917 | D:4      | Reached skill level 4 in Fighting
  2974 | D:4      | Reached XP level 6. HP: 39/48 MP: 6/6
  3358 | D:4      | Reached skill level 5 in Shapeshifting
  3472 | D:4      | Found a basalt altar of Yredelemnul.
  3556 | D:4      | Became a worshipper of Yredelemnul the Dark
  3592 | D:4      | Reached XP level 7. HP: 52/55 MP: 7/7
  3621 | D:4      | Reached skill level 5 in Fighting
  3907 | D:4      | Found an ancient bone altar of Kikubaaqudgha.
  3908 | D:4      | Noticed a human
  3910 | D:4      | Killed a human
  3993 | D:5      | Entered Level 5 of the Dungeon
  4134 | D:5      | Found a staircase to the Ecumenical Temple.
  4171 | D:5      | Found a white marble altar of Elyvilon.
  4315 | D:5      | Reached * piety under Yredelemnul
  4316 | D:5      | Reached skill level 6 in Fighting
  4462 | D:5      | Reached XP level 8. HP: 48/64 MP: 8/8
  4466 | D:5      | Reached ** piety under Yredelemnul
  5116 | D:6      | Reached skill level 5 in Ranged Weapons
  5245 | D:6      | Noticed Blork the orc
  5261 | D:6      | Killed Blork the orc
  5261 | D:6      | Your ally Blork died
  5282 | D:6      | Reached skill level 7 in Fighting
  6164 | D:7      | Reached XP level 9. HP: 44/74 MP: 9/9
  6284 | D:7      | Noticed Dowan
  6286 | D:7      | Noticed Duvessa
  6302 | D:7      | Killed Dowan
  6303 | D:7      | Reached skill level 8 in Fighting
  6306 | D:7      | Killed Duvessa
  6659 | D:7      | Found a runed translucent gate.
  6660 | D:7      | Found a runed translucent gate.
  6660 | D:7      | Noticed flt's ghost (novice DgFE)
  6661 | D:7      | Found a runed translucent gate.
  6678 | D:7      | Killed flt's ghost
  6679 | D:7      | Reached skill level 9 in Fighting
  6920 | D:7      | Found a sacrificial altar of Ru.
  7203 | D:8      | Reached skill level 10 in Fighting
  7209 | D:8      | Reached *** piety under Yredelemnul
  7210 | D:8      | Reached XP level 10. HP: 72/86 MP: 10/10
  7335 | D:8      | Reached skill level 1 in Invocations
  7504 | D:8      | Found a glowing silver altar of Zin.
  7570 | D:8      | Found a sparkling altar of Nemelex Xobeh.
  7705 | D:8      | Found a broken altar of Ashenzari.
  7811 | D:9      | Noticed a cyclops
  7819 | D:9      | Killed a cyclops
  7820 | D:9      | Reached skill level 11 in Fighting
  8438 | D:9      | Found a glowing golden altar of the Shining One.
  8627 | D:9      | Reached **** piety under Yredelemnul
  8637 | D:9      | Reached ***** piety under Yredelemnul
  8698 | D:9      | Found a blossoming altar of Fedhas.
  8720 | D:9      | Noticed Maurice
  8749 | D:9      | HP: 3/88 [wyvern (6)]
  8750 | D:9      | Demolished by a wyvern

Illustrated notes

Levels and vault maps discovered:
D:1:      sevenhm_arrival_forest_fort_small_3, layout_rooms
D:2:      layout_rooms, serial_shops, nicolae_shop_statue_plus, nrook_uturn,
          uniq_robin
D:3:      layout_basic, nicolae_sif_muna_condensation,
          mainiacjoe_overflow_alcove_4
D:4:      layout_basic, yredelemnul_altar_generic, tgw_kikubaaqudgha,
          kennysheep_mini_moat
D:5:      nicolae_cairo_tiling, layout_basic, kennysheep_little_box,
          minmay_temple_entry_glassed_door
D:6:      layout_gridville, palyth_stone_intersect, uniq_blork_the_orc
D:7:      layout_basic, mainiacjoe_overflow_24_doors, ebering_ghost_rock_garden,
          uniq_duvessa
D:8:      nicolae_hitomezashi [nicolae_hito_row, nicolae_hito_row,
          nicolae_hito_row, nicolae_hito_row, nicolae_hito_row,
          nicolae_hito_row, nicolae_hito_row, nicolae_hito_row,
          nicolae_hito_row, nicolae_hito_row, nicolae_hito_row,
          nicolae_hito_row, nicolae_hito_row, nicolae_hito_row,
          nicolae_hito_row, nicolae_hito_row, nicolae_hito_row,
          nicolae_hito_row], layout_loops_ring, mainiacjoe_overflow_brackets,
          nemelex_spade_bored_becter, mainiacjoe_overflow_paths
D:9:      layout_grid_maze, old_standard_altar, nicolae_overflow_crystal_walls,
          lemuel_tele_altar, mainiacjoe_overflow_concentric_impassable,
          uniq_maurice

Skill      XL: |  1  2  3  4  5  6  7  8  9 10 |
---------------+-------------------------------+-----
Fighting       | 2 3 4 6 7 10 11 | 11.5
Ranged Weapons | 1 2 3 4 6 8 9 |  9.4
Shapeshifting  | 4 5 6 7 |  7.0
Invocations    | 3 |  3.2
Dodging        | |  2.4
Unarmed Combat | |  3.5

Action                     |  1- 3 |  4- 6 |  7- 9 | 10-12 || total
---------------------------+-------+-------+-------+-------++-------
  Melee: Unarmed           |     4 |       |       |       ||     4
   Fire: Sling             |   135 |   121 |       |       ||   256
         Orcbow            |       |    27 |   220 |    75 ||   322
Ability: Hop               |     1 |       |     1 |       ||     2
  Evoke: Wand              |       |       |     2 |       ||     2
    Use: Scroll            |     1 |    14 |     7 |       ||    22
         Potion            |       |     1 |     1 |     1 ||     3
 Armour: Animal skin       |    59 |    48 |    71 |       ||   178
         Robe              |       |       |    31 |    43 ||    74
  Dodge: Dodged            |    90 |    25 |    83 |    31 ||   229

Table legend: (Time is in decaauts)
 A = Elapsed time spent in this place.
 B = Non-inter-level travel time spent in this place.
 C = Inter-level travel time spent in this place.
 D = Time resting spent in this place.
 E = Time spent auto-exploring this place.
 F = Levels seen in this place.
 G = Mean time per level.
                   A        B        C        D        E       F      G
               +--------+--------+--------+--------+--------+-----+--------+
         Total |   9811 |   9539 |    272 |   1665 |   6244 |   9 | 1090.1 |
       Dungeon |   9811 |   9539 |    272 |   1665 |   6244 |   9 | 1090.1 |
               +--------+--------+--------+--------+--------+-----+--------+

Top non-repeatable levels by time:
     D:4: 1388 daAuts
     D:6: 1385 daAuts
     D:1: 1328 daAuts
     D:7: 1166 daAuts
     D:3: 1104 daAuts
     D:9: 1010 daAuts
     D:5: 1007 daAuts
     D:8: 731 daAuts
     D:2: 688 daAuts
